 Dungeon Crawl Stone Soup version 0.29-a0-323-g050149af67 (webtiles) character file.

Game seed: 7587635483504612237

4 spaghetti the Firebug (level 1, -1/16 HPs)
             Began as an Octopode Cinder Acolyte on Apr 10, 2022.
             Was a High Priest of Ignis.
             Frozen to death by an endoplasm (3 damage)
             ... on level 1 of the Dungeon.
             The game lasted 00:00:12 (54 turns).

spaghetti the Firebug (Octopode Cinder Acolyte)       Turns: 54, Time: 00:00:12

Health: -1/16      AC:  1    Str: 13    XL:     1   Next: 70%
Magic:  2/2        EV: 12    Int: 16    God:    Ignis [*****.]
Gold:   0          SH:  0    Dex:  7    Spells: 2/2 levels left

rFire   + . .      SeeInvis .   a - -1 short sword (flame) {short}
rCold   . . .      Faith    .   (no shield)
rNeg    . . .      Spirit   .   (helmet restricted)
rPois   .          Reflect  .   (no amulet)
rElec   .          Harm     .   (no ring)
rCorr   .          Rampage  .   (no ring)
Will    .....                   (no ring)
Stlth   ++........              (no ring)
HPRegen 0.05/turn               (no ring)
MPRegen 0.08/turn               (no ring)
                                (no ring)
                                (no ring)

@: no status effects
A: almost no armour, amphibious, 8 rings, camouflage 1, gelatinous body 1,
(nimble swimmer 1), tentacles
a: Renounce Religion, Fiery Armour, Foxfire Swarm, Rising Flame


You were on level 1 of the Dungeon.
You worshipped Ignis.
Ignis was extremely pleased with you.
You visited 1 branch of the dungeon, and saw 1 of its levels.


Innate Abilities, Weirdness & Mutations

You cannot wear most types of armour.
You are amphibious.
You can wear up to eight rings at the same time.
Your skin changes colour to match your surroundings (Stealth+).
Your rubbery body absorbs attacks. (AC +1, EV +1)
((You are camouflaged when in or above water. (Stealth+)))
You have tentacles for arms and can constrict up to eight enemies at once.


   Skills:
 - Level 3.0 Fighting
 - Level 3.0 Short Blades
 + Level 1.9 Stealth
 - Level 1.0 Spellcasting
 - Level 3.0 Fire Magic


You had 2 spell levels left.
You didn't know any spells.
Your spell library contained the following spells:

 Spells                   Type           Power      Damage    Failure   Level
 Scorch                   Fire           20%        2d6       10%         2

Inventory:

Hand Weapons
 a - a -1 short sword of flaming (weapon) {short}

Dungeon Overview and Level Annotations

Branches:
Dungeon (1/15)

Altars:

###........###
##......#...
##........####
#..........###
#.....).......
#..........###
#.............
#..).......##.
##@..........
.....K)gJ..........
...................
................###
......(.........#
.............$..#
..>?.##.....)..#
..... ##......#


You could see an endoplasm, a goblin and a kobold.


Message History

You open the door.
There is an open door here.
As you open the door, it creaks loudly!
There is an open door here.
You open the door.
There is an open door here.
You open the door.
There is an open door here.
You open the door.
There is an open door here.
A kobold comes into view. It is wielding a +0 club.
A kobold is nearby!
A kobold is nearby!
The kobold shouts!
You hear a shout!
The kobold hits you with a +0 club. 😕 HP[-2]
You take 2 damage, and now have 14/16 hp.
You are too injured to fight recklessly!
You are too injured to fight recklessly!
You are too injured to fight recklessly!
You are too injured to fight recklessly!
You are too injured to fight recklessly!
You are too injured to fight recklessly!
You are too injured to fight recklessly!
You are too injured to fight recklessly!
You are too injured to fight recklessly!
A kobold is nearby!
A kobold is nearby!
You hit the kobold but do no damage. You grab the kobold.
You constrict the kobold. 😕 HP[+1]
You hit the kobold but do no damage.
You constrict the kobold, but do no damage.
The kobold misses you.
You hit the kobold but do no damage.
You constrict the kobold, but do no damage.
The kobold hits you with a +0 club. 😕 HP[-2]
You take 2 damage, and now have 13/16 hp.
You hit the kobold. You burn the kobold.
You kill the kobold!
A kobold comes into view. It is wielding a +0 short sword.
A bat comes into view.
The bat moves out of view.
Things that are here:
a +0 club {mace}; a scroll labelled IDUTZI TOCS A kobold is nearby!
You are too injured to fight recklessly!
A rat comes into view.
The rat moves out of view.
An endoplasm comes into view.
A goblin comes into view. It is wielding a +0 dagger.
The kobold closely misses you.
You completely miss the kobold.
The endoplasm quivers.
The goblin shouts!
Your grab misses the kobold. Your squeeze misses the kobold.
The kobold closely misses you.
A goblin comes into view. It is wielding a +0 dagger.
A kobold comes into view. It is wielding a +0 short sword.
You closely miss the kobold.
The kobold shouts!
The goblin shouts!
You grab the kobold. You squeeze the kobold.
You kill the kobold!
Your Stealth skill increases to level 1!
You closely miss the bat. Your grab misses the bat. You squeeze the bat.
You kill the bat!
Found a mace and a scroll labelled PISESE JATHRIE.
Found a stone staircase leading down.
Things that are here:
a +0 short sword {short}; a stone {throwing}; a bat corpse The kobold throws a stone.
The stone hits you. 😮 HP[-2]
You take 2 damage, and now have 11/16 hp.
You hit the goblin. You burn the goblin. Your grab misses the goblin.
The goblin hits you with a +0 dagger. x2
* * * LOW HITPOINT WARNING * * *
😨 HP[-5]
You take 5 damage, and now have 6/16 hp.
MASSIVE DAMAGE!! (PAUSE)
You closely miss the goblin. Your grab misses the goblin.
The goblin hits you with a +0 dagger.
* * * LOW HITPOINT WARNING * * *
The goblin hits you with a +0 dagger.
* * * LOW HITPOINT WARNING * * *
😱 HP[-2]
You take 2 damage, and now have 4/16 hp.
Unknown command.
You hit the goblin. You burn the goblin.
You kill the goblin!
The goblin closely misses you. The endoplasm hits you.
* * * LOW HITPOINT WARNING * * *
The kobold throws a stone.
The stone barely misses you. 😱 HP[-2]
You take 2 damage, and now have 2/16 hp.
Unknown command.
You hit the goblin but do no damage. Your grab misses the goblin.
The endoplasm freezes you.
You are frozen.
You die...

Skill      XL: |  1 |
---------------+----+-----
Stealth        | 1 |  1.9
Fighting       | |  3.0
Short Blades   | |  3.0
Spellcasting   | |  1.0
Fire Magic     | |  3.0

Action                   || total
-------------------------++-------
Melee: Short sword       ||    11
       Constrict         ||     2
       Tentacles         ||     2
Dodge: Dodged            ||     5

Levels and vault maps discovered:
D:1:      co_arrival_random_square_maze, layout_rooms,
          hellmonk_ecumenical_altar_zigzags, minmay_heptomino_d4

Notes
Turn   | Place    | Note
-------+----------+-------------------------------------------
     0 | D:1      | spaghetti the Octopode Cinder Acolyte began the quest for
                  | the Orb.
     0 | D:1      | Reached XP level 1. HP: 16/16 MP: 2/2
     0 | D:1      | magus.rc [v1.9.6]
    48 | D:1      | Reached skill level 1 in Stealth
    52 | D:1      | HP: 4/16 [goblin/+0 dagger (1)]
    54 | D:1      | Frozen to death by an endoplasm

Vanquished Creatures
  A bat (D:1)
  A goblin (D:1)
  2 kobolds (D:1)
4 creatures vanquished.

Table legend:
 A = Non-vault XP
 B = Vault XP
 C = Vault XP percentage of total XP
 D = Non-vault monster count
 E = Vault monster count
 F = Vault count percentage of total count
                 A         B        C        D         E       F
            +---------+---------+-------+---------+---------+-------
      Total |       7 |       0 |   0.0 |       4 |       0 |   0.0
            +---------+---------+-------+---------+---------+-------
        D:1 |       7 |       0 |   0.0 |       4 |       0 |   0.0
            +---------+---------+-------+---------+---------+-------

Illustrated notes

Table legend:
 A = Kills in this place as a percentage of kills in entire the game.
 B = Kills by you in this place as a percentage of kills by you in the entire game.
 C = Kills by friends in this place as a percentage of kills by friends in the entire game.
 D = Other kills in this place as a percentage of other kills in the entire game.
 E = Experience gained in this place as a percentage of experience gained in the entire game.
 F = Experience gained in this place divided by the number of levels of this place that you have seen.
                   A       B       C       D       E      F
               +-------+-------+-------+-------+-------+----------------------
         Total | 100.0 | 100.0 |   N/A |   N/A | 100.0 |   7.0
       Dungeon | 100.0 | 100.0 |   N/A |   N/A | 100.0 |   7.0
               +-------+-------+-------+-------+-------+----------------------

Table legend: (Time is in decaauts)
 A = Elapsed time spent in this place.
 B = Non-inter-level travel time spent in this place.
 C = Inter-level travel time spent in this place.
 D = Time resting spent in this place.
 E = Time spent auto-exploring this place.
 F = Levels seen in this place.
 G = Mean time per level.
                   A        B        C        D        E       F      G
               +--------+--------+--------+--------+--------+-----+--------+
         Total |     53 |     53 |      0 |      0 |     31 |   1 |   53.0 |
       Dungeon |     53 |     53 |      0 |      0 |     31 |   1 |   53.0 |
               +--------+--------+--------+--------+--------+-----+--------+

Top non-repeatable levels by time:
     D:1: 53 daAuts
